 Dungeon Crawl Stone Soup version 0.29-a0-275-g389c0b56f3 (webtiles) character file.

Game seed: 17710393913158846629

63 davidthevgamer991 the Slasher (level 3, 0/33 HPs)
             Began as a Draconian Berserker on Mar 8, 2022.
             Was a Follower of the Shining One.
             Slain by an iguana (5 damage)
             ... on level 3 of the Dungeon on Mar 9, 2022.
             The game lasted 00:27:15 (2229 turns).

davidthevgamer991 the Slasher (Draconian Berserker) Turns: 2229, Time: 00:27:17

Health: 0/33       AC:  5    Str: 18 (21) XL:     3   Next: 87%
Magic:  3/3        EV: 12    Int:  7      God:    the Shining One [*.....]
Gold:   87         SH:  0    Dex: 10      Spells: 2/2 levels left

rFire   . . .      SeeInvis .   q - +1 hand axe (vorpal)
rCold   . . .      Faith    .   (no shield)
rNeg    . . .      Spirit   .   (body armour unavailable)
rPois   .          Reflect  .   (helmet restricted)
rElec   .          Harm     .   (no cloak)
rCorr   .          Rampage  .   (no gloves)
Will    .....                   (no boots)
Stlth   +.........              (no amulet)
HPRegen 0.11/turn               c - ring of flight
MPRegen 0.08/turn               (no ring)

@: flying, glowing
A: AC +5, unfitting armour, cold-blooded
a: Renounce Religion, Divine Shield


You were on level 3 of the Dungeon.
You worshipped the Shining One.
The Shining One was aware of your devotion.
You visited 1 branch of the dungeon, and saw 3 of its levels.

You collected 87 gold pieces.

Inventory:

Hand Weapons
 a - a +0 falchion
 b - a +0 club
 l - a +0 flail
 q - a +1 vorpal hand axe (weapon)
Missiles
 k - 54 stones (quivered)
Armour
 h - a +0 helmet
 j - a +0 chain mail
 o - a +0 leather armour
 p - a +0 leather armour
Jewellery
 c - a ring of flight (left hand)
Scrolls
 d - a scroll of noise {unknown}
 f - 3 scrolls of identify {unknown}
 g - a scroll of torment {unknown}
 m - a scroll of fog {unknown}
 n - a scroll of blinking {unknown}
Potions
 e - a potion of curing {unknown}
 i - a potion of magic {unknown}


   Skills:
 + Level 3.8 Fighting
 + Level 3.9 Long Blades
 + Level 3.2 Dodging
 + Level 0.3 Stealth


You had 2 spell levels left.
You didn't know any spells.
Your spell library contained the following spells:

 Spells                   Type           Power      Damage    Failure   Level
 Ensorcelled Hibernation  Hex/Ice        0%         N/A       56%         2
 Static Discharge         Conj/Air       0%         N/A       56%         2
 Gell's Gravitas          Tloc           0%         N/A       80%         3
 Spider Form              Tmut/Pois      0%         N/A       80%         3
 Teleport Other           Tloc           0%         N/A       80%         3
 Anguish                  Hex/Necr       0%         N/A       99%         4
 Lightning Bolt           Conj/Air       0%         1d11      100%        5
 Dispersal                Tloc           0%         N/A       100%        6
 Maxwell's Capacitive Co  Air            0%         ∞         100%        8


Dungeon Overview and Level Annotations

Branches:
Dungeon (3/15)

Altars:
The Shining One


Innate Abilities, Weirdness & Mutations

Your plain brown scales are hard. (AC +5)
You cannot fit into any form of body armour.
You are cold-blooded and may be slowed by cold attacks.


Message History

This square is lit by a halo.
You fly downwards.
The iguana hisses angrily.
Found three items.
There is a stone staircase leading up here.
You see here a scroll labelled DIS NEFOPIROOV.
The giant cockroach completely misses you.
The giant cockroach closely misses you.
The giant cockroach attacks as you move away!
The giant cockroach closely misses you.
You see here a scroll labelled DIS NEFOPIROOV.
f - 3 scrolls labelled DIS NEFOPIROOV (gained 1)
The giant cockroach bites you but does no damage.
The giant cockroach barely misses you. The iguana bites you.
You slash the iguana!
You tail-slap the iguana, but do no damage.
The iguana is severely wounded.
You hit the giant cockroach but do no damage.
The giant cockroach misses you.
The iguana bites you but does no damage.
The giant cockroach barely misses you.
You hit the iguana.
The iguana is severely wounded.
You hit the giant cockroach. The giant cockroach barely misses you.
The iguana bites you!
Unknown command.
You hit the iguana.
The iguana is almost dead.
You barely miss the giant cockroach.
The giant cockroach bites you but does no damage.
The iguana bites you!
* * * LOW HITPOINT WARNING * * *
The giant cockroach bites you.
* * * LOW HITPOINT WARNING * * *
You hit the iguana but do no damage.
The iguana is almost dead.
You hit the giant cockroach.
You kill the giant cockroach!
The iguana misses you. The iguana bites you.
You die...

... ... .. .. .#
.###### .#
.......###.###...
#...<.......
##@l.......:
##..?......
#.........
#...?...##
#.......#
#.......#
#########


You could see an iguana.

Vanquished Creatures
  2 adders (D:2)
  A worm (D:2)
  3 dart slugs
  3 bats (D:1)
  3 endoplasms
  2 giant cockroaches
  2 goblins
  5 hobgoblins
  A kobold (D:2)
  2 quokkas
  3 ball pythons
  3 frilled lizards (D:1)
  7 rats
37 creatures vanquished.

Vanquished Creatures (others)
  2 fungi (D:1)
  3 plants (D:1)
5 creatures vanquished.

Grand Total: 42 creatures vanquished

Notes
Turn   | Place    | Note
-------+----------+-------------------------------------------
     0 | D:1      | davidthevgamer991 the Draconian Berserker began the quest
                  | for the Orb.
     0 | D:1      | Reached XP level 1. HP: 19/19 MP: 1/1
   176 | D:1      | Found a faded altar of an unknown god.
   224 | D:1      | Prayed at the altar of an unknown god.
   224 | D:1      | Fell from the grace of Trog
   224 | D:1      | Became a worshipper of the Shining One
   224 | D:1      | Reached * piety under the Shining One
   333 | D:1      | Reached XP level 2. HP: 25/26 MP: 2/2
  1211 | D:2      | Reached XP level 3. HP: 33/33 MP: 3/3
  2184 | D:2      | Upgraded the game from 0.29-a0-271-gd4eb659eea to
                  | 0.29-a0-275-g389c0b56f3
  2229 | D:3      | Slain by an iguana

Illustrated notes

Levels and vault maps discovered:
D:1:      nzn_arrival_depleted_hourglass, layout_loops_ring,
          shapermc_ecumenical_altar_ellora, hangedman_feature_mirror,
          kennysheep_flooded_box, minivault_27, moated_statue,
          kennysheep_small_spiral
D:2:      layout_basic, minivault_11, uniq_crazy_yiuf_cottage
D:3:      layout_rooms

Skill      XL: |  1  2 |
---------------+-------+-----
Dodging        | 3 |  3.2
Fighting       | |  3.8
Long Blades    | |  3.9
Stealth        | |  0.3

Action                   || total
-------------------------++-------
Melee: Falchion          ||   130
       Tailslap          ||    28
       Punch             ||     1
       Hand axe          ||     5
  Use: Potion            ||     2
Armor: Skin              ||    46
Dodge: Dodged            ||    95

Table legend: (Time is in decaauts)
 A = Elapsed time spent in this place.
 B = Non-inter-level travel time spent in this place.
 C = Inter-level travel time spent in this place.
 D = Time resting spent in this place.
 E = Time spent auto-exploring this place.
 F = Levels seen in this place.
 G = Mean time per level.
                   A        B        C        D        E       F      G
               +--------+--------+--------+--------+--------+-----+--------+
         Total |   2258 |   2171 |     87 |      0 |      0 |   3 |  752.7 |
       Dungeon |   2258 |   2171 |     87 |      0 |      0 |   3 |  752.7 |
               +--------+--------+--------+--------+--------+-----+--------+

Top non-repeatable levels by time:
     D:1: 1360 daAuts
     D:2: 885 daAuts
     D:3: 12 daAuts
